 Dungeon Crawl Stone Soup version 0.30.1-11-g7821555f0a (webtiles) character file.

Game seed: 12943127292974157217

79 jagang the Trooper (level 4, 0/37 HPs)
             Began as a Demonspawn Berserker on Dec 13, 2023.
             Was a Believer of Trog.
             Slain by a gnoll
             ... wielding a +0 halberd
              (8 damage)
             ... on level 2 of the Dungeon.
             The game lasted 00:02:20 (1135 turns).

jagang the Trooper (Demonspawn Berserker)           Turns: 1135, Time: 00:02:20

Health: 0/37       AC: 11    Str: 19    XL:     4   Next: 17%
Magic:  4/4        EV:  8    Int:  9    God:    Trog [**....]
Gold:   79         SH:  4    Dex: 12    Spells: 3/3 levels left

rFire   . . .        a - +0 mace
rCold   . . .        (no shield)
rNeg    . . .        e - +0 chain mail
rPois   .            (no helmet)
rElec   .            (no cloak)
rCorr   .            (no gloves)
SInv    .            c - +0 pair of boots
Will    .....        (no amulet) Stlth
                     (no ring)
HPRegen 0.26/turn    (no ring)
MPRegen 0.09/turn

%: no passive effects
@: no status effects
A: sharp scales 1, condensation shield
a: Renounce Religion, Berserk, Trog's Hand


You were on level 2 of the Dungeon.
You worshipped Trog.
Trog was pleased with you.
You visited 1 branch of the dungeon, and saw 2 of its levels.

You collected 79 gold pieces.

Inventory:

Hand Weapons
 a - a +0 mace (weapon)
Armour
 c - a +0 pair of boots (worn)
 e - a +0 chain mail (worn)
Scrolls
 b - 2 scrolls of teleportation {unknown}
 f - a scroll of enchant weapon {unknown}
 g - 2 scrolls of identify {unknown}
 j - a scroll of fog {unknown}
Potions
 d - 2 potions of brilliance {unknown}
 h - 2 potions of curing {unknown}
 i - a potion of mutation {unknown}


   Skills:
 * Level 4.1 Fighting
 - Level 2.6 Maces & Flails
 + Level 2.5 Armour
 + Level 2.4 Dodging


You had 3 spell levels left.
You didn't know any spells.
Your spell library was empty.

Dungeon Overview and Level Annotations

Branches:
Dungeon (2/15)

Altars:


Innate Abilities, Weirdness & Mutations

You are partially covered in razor-sharp scales. (AC +1, Slay +1)
A meltable shield of frost defends you. (SH +4)


Message History

A gnoll comes into view. It is wielding a +0 halberd.
You barely miss the gnoll.
The gnoll shouts!
The gnoll barely misses you.
You hit the gnoll.
The gnoll is moderately wounded.
The gnoll hits you with a +0 club.
You hit the gnoll but do no damage.
The gnoll is moderately wounded.
The gnoll hits you but does no damage.
You barely miss the gnoll.
The gnoll is moderately wounded.
You block the gnoll's attack. The gnoll hits you but does no damage.
You closely miss the gnoll.
The gnoll is moderately wounded.
The gnoll hits you with a +0 club.
You hit the gnoll but do no damage.
The gnoll is moderately wounded.
The gnoll hits you with a +0 club.
You hit the gnoll.
The gnoll is heavily wounded.
The gnoll closely misses you.
You hit the gnoll.
The gnoll is severely wounded.
The gnoll hits you but does no damage. You block the gnoll's attack.
You closely miss the gnoll.
The gnoll is severely wounded.
The gnoll hits you with a +0 club.
You hit the gnoll.
You kill the gnoll!
Trog accepts your kill.
You hit the gnoll.
The gnoll is moderately wounded.
The gnoll hits you but does no damage. The gnoll hits you with a +0 flail.
The gnoll hits you from afar with a +0 halberd.
* * * LOW HITPOINT WARNING * * *
You closely miss the gnoll.
The gnoll is moderately wounded.
The gnoll hits you from afar with a +0 halberd!
You die...

#.# #.# #.# #.#
############.# ##
......†......##....
########)..........
#.#.########.##########
#..ggg@.....>#
.....########## ###


You could see 3 gnolls.

Vanquished Creatures
  A gnoll (D:2)
  2 adders (D:2)
  A dart slug (D:1)
  3 bats
  3 endoplasms (D:1)
  3 giant cockroaches (D:1)
  3 goblins
  6 hobgoblins
  4 jackals
  5 kobolds
  2 quokkas
  3 ball pythons
  5 frilled lizards
  4 rats
45 creatures vanquished.

Notes
Turn   | Place    | Note
-------+----------+-------------------------------------------
     0 | D:1      | jagang the Demonspawn Berserker began the quest for the
                  | Orb.
     0 | D:1      | Reached XP level 1. HP: 18/18 MP: 1/1
    44 | D:1      | Gained mutation: You are partially covered in razor-sharp
                  | scales. (AC +1, Slay +1) [demonic ancestry]
    44 | D:1      | Reached XP level 2. HP: 9/24 MP: 2/2
   293 | D:1      | Gained mutation: A meltable shield of frost defends you.
                  | (SH +4) [demonic ancestry]
   293 | D:1      | Reached XP level 3. HP: 19/30 MP: 3/3
   364 | D:1      | Reached ** piety under Trog
  1004 | D:2      | Reached skill level 4 in Fighting
  1082 | D:2      | Reached XP level 4. HP: 29/37 MP: 4/4
  1135 | D:2      | Slain by a gnoll

Illustrated notes

Levels and vault maps discovered:
D:1:      kennysheep_arrival_forest, layout_rooms
D:2:      layout_loops_ring, minmay_misc_feat_hallway

Skill      XL: |  1  2  3 |
---------------+----------+-----
Armour         | 2 |  2.5
Dodging        | 2 |  2.4
Fighting       | 4 |  4.1
Maces & Flails | |  2.6

Action                     |  1- 3 |  4- 6 || total
---------------------------+-------+-------++-------
  Melee: Mace              |   113 |    15 ||   128
 Armour: Animal skin       |     4 |       ||     4
         Chain mail        |    74 |     4 ||    78
  Dodge: Dodged            |    70 |     3 ||    73
  Block: Other             |    12 |     2 ||    14
